 Dungeon Crawl Stone Soup version 0.30-a0-778-g2ef04afb54 (webtiles) character file.

Game seed: 14067314955928849866

143 kingofthe the Conjurer (level 5, -5/31 HPs)
             Began as an Octopode Conjurer on Feb 15, 2023.
             Slain by a sky beast (6 damage)
             ... on level 4 of the Dungeon.
             The game lasted 00:04:16 (3244 turns).

kingofthe the Conjurer (Octopode Conjurer)          Turns: 3244, Time: 00:04:17

Health: -5/31      AC:  1    Str:  6    XL:     5   Next: 25%
Magic:  0/9        EV: 11    Int: 21    God:
Gold:   178        SH:  9    Dex: 12    Spells: 8/11 levels left

rFire   . . .      SeeInvis .    e - +2 short sword (vamp)
rCold   . . .      Faith    .    m - +2 kite shield
rNeg    . . .      Spirit   .    (helmet restricted)
rPois   +          Reflect  .    (no amulet)
rElec   .          Harm     .    (no ring)
rCorr   .          Rampage  .    (no ring)
Will    .....                    (no ring)
Stlth   +++                      (no ring)
HPRegen 0.25/turn                (no ring)
MPRegen 0.11/turn                (no ring)
                                 (no ring)
                                 (no ring)

@: no status effects
A: almost no armour, amphibious, 8 rings, camouflage 1, gelatinous body 1,
(nimble swimmer 1), tentacles, low MP 1, poison resistance
a: no special abilities


You were on level 4 of the Dungeon.
You visited 1 branch of the dungeon, and saw 4 of its levels.

You collected 178 gold pieces.

Inventory:

Hand Weapons
 e - a +2 vampiric short sword (weapon)
 r - a +0 short sword of protection
 s - a +1 dagger of venom
Armour
 m - a +2 kite shield (worn)
Wands
 n - a wand of polymorph (8)
Scrolls
 b - 7 scrolls of identify {unknown}
 d - a scroll of magic mapping {unknown}
 f - a scroll of poison {unknown}
 g - a scroll of noise {unknown}
 h - 2 scrolls of silence {unknown}
 i - a scroll of vulnerability {unknown}
 l - a scroll of acquirement {unknown}
 p - a scroll of fear {unknown}
Potions
 a - a potion of magic
 c - a potion of curing {unknown}
 k - a potion of berserk rage {unknown}
 o - a potion of flight {unknown}
 q - 2 potions of attraction {unknown}


   Skills:
 * Level 2.7 Dodging
 + Level 3.2 Stealth
 * Level 1.3 Shields
 * Level 3.5 Spellcasting
 * Level 4.5 Conjurations


You had 8 spell levels left.
You knew the following spells:

 Your Spells              Type           Power      Damage    Failure   Level
a - Magic Dart            Conj           88%        1d7       7%          1
b - Searing Ray           Conj           44%        2d6       11%         2

Your spell library contained the following spells:

 Spells                   Type           Power      Damage    Failure   Level
 Dazzling Flash           Conj/Hex       26%        N/A       45%         3
 Fulminant Prism          Conj/Hex       6%         3d7       86%         4
 Iskenderun's Mystic Bla  Conj/Tloc      13%        2d5       86%         4


Dungeon Overview and Level Annotations

Branches:
Dungeon (4/15)
 Temple: D:4-7

Altars:


Innate Abilities, Weirdness & Mutations

You cannot wear most types of armour.
You are amphibious.
You can wear up to eight rings at the same time.
Your skin changes colour to match your surroundings (Stealth+).
Your rubbery body absorbs attacks. (AC +1, EV +1)
((You are camouflaged when in or above water. (Stealth+)))
You have tentacles for arms and can constrict up to eight enemies at once.
Your magical capacity is low. (-10% MP)
Your system is resistant to poisons. (rPois)


Message History

You kill the kobold!
You can't see any susceptible monsters within range! (Use Z to cast anyway.)
You can't see any susceptible monsters within range! (Use Z to cast anyway.)
A sky beast comes into view.
Casting: Magic Dart (safe; 7% risk of failure)
Confirm with . or Enter, or press ? or * to list all spells.
Aiming: Searing Ray (safe; 11% risk of failure)
Press: ? - help, Shift-Dir - straight line, f - sky beast
Aim: a sky beast (asleep, 100% to hit)
The searing ray hits the sky beast.
The sky beast is lightly wounded. (Press . to maintain the ray.)
The searing ray misses the sky beast.
You block the sky beast's attack.
The searing ray hits the sky beast.
The sky beast is moderately wounded.
The sky beast flickers out of sight!
Deactivating autopickup; reactivate with Ctrl-A.
Something hits you. Something shocks you.
You finish channelling your searing ray.
You block something's attack. Something hits you. Something shocks you.
Casting: Searing Ray (safe; 11% risk of failure)
Confirm with . or Enter, or press ? or * to list all spells.
You can't see any susceptible monsters within range! (Use Z to cast anyway.)
Casting: Searing Ray (safe; 11% risk of failure)
Confirm with . or Enter, or press ? or * to list all spells.
Aiming: Searing Ray (safe; 11% risk of failure)
Press: ? - help, Shift-Dir - straight line The searing ray hits something! (Press . to maintain the ray.)
Something hits you. Something shocks you.
* * * LOW HITPOINT WARNING * * *
The searing ray hits something.
Something hits you.
* * * LOW HITPOINT WARNING * * *
Something shocks you.
* * * LOW HITPOINT WARNING * * *
Something hits you.
* * * LOW HITPOINT WARNING * * *
Something shocks you.
You die...

### ..
#.
#{####
#.@..#
####.#
#.# #.#
#.# #.#
######.#
#.#
#....#.#
#.#
#.#....#
#.#.#


There were no monsters in sight!

Vanquished Creatures
  A hound (D:3)
  An iguana (D:4)
  Jessica (D:3)
  2 adders
  A dart slug (D:3)
  2 orcs (D:3)
  3 endoplasms
  A giant cockroach (D:3)
  3 goblins
  4 hobgoblins
  9 ball pythons
  4 bats
  3 frilled lizards
  2 kobolds
  4 rats
41 creatures vanquished.

Notes
Turn   | Place    | Note
-------+----------+-------------------------------------------
     0 | D:1      | kingofthe the Octopode Conjurer began the quest for the
                  | Orb.
     0 | D:1      | Reached XP level 1. HP: 11/11 MP: 3/3
   212 | D:1      | Found a faded altar of an unknown god.
   344 | D:1      | Reached XP level 2. HP: 17/17 MP: 2/5
   618 | D:1      | Learned a level 2 spell: Searing Ray
  1054 | D:2      | Reached XP level 3. HP: 21/21 MP: 1/7
  2042 | D:3      | Noticed Jessica
  2073 | D:3      | Killed Jessica
  2074 | D:3      | Reached XP level 4. HP: 21/27 MP: 1/9
  2962 | D:3      | Reached skill level 1 in Shields
  2962 | D:3      | Gained mutation: Your mind is acute. (Int +4, Str/Dex -1)
                  | [potion of mutation]
  2962 | D:3      | Lost mutation: Your mind is acute. (Int +4, Str/Dex -1)
                  | [potion of mutation]
  2962 | D:3      | Gained mutation: You have hidden genetic defects. [potion
                  | of mutation]
  2962 | D:3      | Gained mutation: Your natural rate of healing is unusually
                  | fast. [potion of mutation]
  3091 | D:4      | Reached XP level 5. HP: 31/31 MP: 3/10
  3105 | D:4      | Gained mutation: You sometimes lose your temper in combat.
                  | [hidden defects]
  3163 | D:4      | Lost mutation: You sometimes lose your temper in combat.
                  | [potion of mutation]
  3163 | D:4      | Lost mutation: Your natural rate of healing is unusually
                  | fast. [potion of mutation]
  3163 | D:4      | Gained mutation: You are dopey. (Int -2) [potion of
                  | mutation]
  3163 | D:4      | Gained mutation: Your system is resistant to poisons.
                  | (rPois) [potion of mutation]
  3163 | D:4      | Gained mutation: You are partially covered in iridescent
                  | scales. (AC +2) [potion of mutation]
  3164 | D:4      | Lost mutation: You are dopey. (Int -2) [potion of mutation]
  3164 | D:4      | Lost mutation: You have hidden genetic defects. [potion of
                  | mutation]
  3164 | D:4      | Lost mutation: You are partially covered in iridescent
                  | scales. (AC +2) [potion of mutation]
  3164 | D:4      | Gained mutation: Your magical capacity is low. (-10% MP)
                  | [potion of mutation]
  3236 | D:4      | Noticed a sky beast
  3244 | D:4      | HP: 1/31 [something (2)]
  3244 | D:4      | Slain by a sky beast

Illustrated notes

Levels and vault maps discovered:
D:1:      dpeg_arrival_concentric_ovals, layout_basic,
          ebering_ecumenical_altar_webs, chequers_decorated_corner
D:2:      layout_loops_ring, dreamdust_princess_corridor, nicolae_eternal_life,
          minmay_close_crescents
D:3:      layout_basic, uniq_jessica
D:4:      kennysheep_six_static_rooms, layout_basic, lemuel_crystal_altar,
          minmay_misc_feat_more_columns, minmay_door_square, st_stairs_1

Skill      XL: |  1  2  3  4 |
---------------+-------------+-----
Spellcasting   | 3 |  3.5
Stealth        | 3 |  3.2
Shields        | 1 |  1.3
Dodging        | |  2.7
Conjurations   | |  4.5

Action                     |  1- 3 |  4- 6 || total
---------------------------+-------+-------++-------
  Melee: Unarmed           |     3 |       ||     3
   Cast: Magic Dart        |    42 |    17 ||    59
         Searing Ray       |     3 |     7 ||    10
    Use: Potion            |       |     3 ||     3
 Armour: Skin              |     3 |       ||     3
  Dodge: Dodged            |     3 |     7 ||    10
  Block: Kite shield       |     1 |     9 ||    10

Table legend: (Time is in decaauts)
 A = Elapsed time spent in this place.
 B = Non-inter-level travel time spent in this place.
 C = Inter-level travel time spent in this place.
 D = Time resting spent in this place.
 E = Time spent auto-exploring this place.
 F = Levels seen in this place.
 G = Mean time per level.
                   A        B        C        D        E       F      G
               +--------+--------+--------+--------+--------+-----+--------+
         Total |   3244 |   3084 |    160 |    172 |   2678 |   4 |  811.0 |
       Dungeon |   3244 |   3084 |    160 |    172 |   2678 |   4 |  811.0 |
               +--------+--------+--------+--------+--------+-----+--------+

Top non-repeatable levels by time:
     D:3: 1146 daAuts
     D:2: 1033 daAuts
     D:1: 826 daAuts
     D:4: 237 daAuts
